 Dungeon Crawl Stone Soup version 0.31-a0-344-gd109795 (webtiles) character file.

Game seed: 6781737594181679494

568 Cunctator the Ruffian (level 7, 0/52 HPs)
             Began as a Gnoll Shapeshifter on July 21, 2023.
             Was a Follower of Okawaru.
             Succumbed to a hornet's poison
             ... on level 4 of the Dungeon.
             The game lasted 00:09:40 (3282 turns).

Cunctator the Ruffian (Gnoll Shapeshifter)          Turns: 3282, Time: 00:09:40

Health: 0/52       AC:  5    Str: 15 (17) XL:     7   Next: 33%
Magic:  10/10      EV: 12    Int:  4 (7)  God:    Okawaru [*.....]
Gold:   135        SH:  0    Dex: 10 (12) Spells: 10/10 levels left

rFire   . .          .
                       - Unarmed
rCold   . . .        (no shield)
rNeg    . . .        y - +0 ring mail {Will+}
rPois   .            (helmet currently unavailable)
rElec   .            (cloak currently unavailable)
rCorr   .            p - melded +0 pair of gloves
SInv    +            (boots currently unavailable)
Will    +....        (no amulet)
Stlth   +            t - ring of see invisible
HPRegen 0.28/turn    (no ring)
MPRegen 0.12/turn

%: no passive effects
@: lethally poisoned (0 -> -10), beast-form, slowed, very slow
A: beast (slay +4), fangs 1, strong nose, distributed training
a: Begin Untransformation, Renounce Religion, Heroism


You were on level 4 of the Dungeon.
You worshipped Okawaru.
Okawaru was aware of your devotion.
You were a hulking beast.
You visited 1 branch of the dungeon, and saw 4 of its levels.

You collected 135 gold pieces.

Inventory:

Missiles
 d - 17 poisoned darts (quivered)
 g - 64 stones
Armour
 a - a +0 animal skin
 p - a +0 pair of gloves (melded)
 y - a +0 ring mail of willpower (worn)
Jewellery
 t - a ring of see invisible (left hand)
Talismans
 c - a beast talisman
 n - a maw talisman
Scrolls
 f - 2 scrolls of poison {unknown}
 h - a scroll of vulnerability {unknown}
 j - 3 scrolls of identify {unknown}
 l - 2 scrolls of amnesia {unknown}
 m - a scroll of acquirement {unknown}
 o - a scroll of enchant armour {unknown}
 r - a scroll of fear {unknown}
 s - 2 scrolls of immolation {unknown}
 u - 2 scrolls of teleportation {unknown}
 x - a scroll of brand weapon {unknown}
Potions
 b - a potion of lignification
 k - a potion of heal wounds {unknown}
 q - a potion of ambrosia {unknown}
 v - a potion of curing {unknown}
 w - a potion of attraction {unknown}


   Skills:
 + Level 3.6 Fighting
 + Level 2.4 Short Blades
 + Level 2.4 Long Blades
 + Level 2.4 Axes
 + Level 2.4 Maces & Flails
 + Level 2.4 Polearms
 + Level 2.4 Staves
 + Level 2.4 Ranged Weapons
 + Level 2.4 Throwing
 + Level 2.4 Armour
 + Level 5.2 Dodging
 + Level 2.4 Stealth
 + Level 2.4 Shields
 + Level 7.0 Unarmed Combat
 + Level 2.4 Spellcasting
 + Level 2.0 Conjurations
 + Level 2.0 Hexes
 + Level 2.0 Summonings
 + Level 2.0 Necromancy
 + Level 2.0 Translocations
 + Level 2.0 Transmutations
 + Level 2.0 Fire Magic
 + Level 2.0 Ice Magic
 + Level 2.0 Air Magic
 + Level 2.0 Earth Magic
 + Level 2.0 Poison Magic
 + Level 2.7 Invocations
 + Level 2.4 Evocations
 + Level 6.8 Shapeshifting


You had 10 spell levels left.
You didn't know any spells.
Your spell library contained the following spells:

 Spells                   Type           Power      Damage    Failure   Level
 Leda's Liquefaction      Hex/Erth       1%         N/A       98%         4
 Lee's Rapid Deconstruct  Erth           1%         3d4*      100%        5
 Leda's Unmaking          Conj/Erth      1%         9d1       100%        6


Dungeon Overview and Level Annotations

Branches:
Dungeon (4/15)
 Temple: D:4-7

Altars:
Cheibriados
Okawaru

Shops:
D:1 (   D:2 !


Innate Abilities, Weirdness & Mutations

You are a hulking beast.
Your limbs bulge with bestial killing power. (Slay +4)
You have very sharp teeth.
Your uncanny sense of smell can sniff out nearby items.
Your experience applies equally to all skills.


Message History

You throw a poisoned dart.
The poisoned dart completely misses the hornet.
Throw: 19 darts (poison)
Press: ? - help, Q - select action, (/) - cycle Shift-Dir - straight line, f/p - hornet
Aim: a hornet (50% to hit)
You throw a poisoned dart.
The poisoned dart closely misses the hornet.
Throw: 18 darts (poison)
Press: ? - help, Q - select action, (/) - cycle Shift-Dir - straight line, f/p - hornet
Aim: a hornet (50% to hit)
You throw a poisoned dart. The poisoned dart hits the hornet.
The hornet is poisoned.
The hornet stings you!
You are poisoned.
You feel yourself slow down. The hornet stings you.
You feel as though you will be slow longer.
Okay, then.
You hit the hornet but do no damage. Your bite misses the hornet.
The hornet is lightly wounded.
You feel very sick. The hornet stings you!
You suddenly lose the ability to move!
The hornet stings you but does no damage.
You feel sick. The hornet stings you.
* * * LOW HITPOINT WARNING * * *
You feel as though you will be slow longer.
You feel sick. The hornet stings you.
* * * LOW HITPOINT WARNING * * *
You are lethally poisoned!
You feel as though you will be slow longer.
The hornet stings you but does no damage.
You can move again.
It was a potion of magic.
Magic courses through your body.
* * * LOW HITPOINT WARNING * * *
You feel very sick. The hornet closely misses you.
The hornet stings you but does no damage.
It was a potion of degeneration.
There was something very wrong with that liquid.
You feel weakened.
You feel dopey.
You feel clumsy.
You die...

......#......# #.....
####'##).....###############.....
###...#....................####'#
......+............#.......#....#
......#............#.......#....#
......#............#.......#....#
......#............#.......#....#
.##+###............######'###'#..
.#...........###h#.............##
##...........#..y#.............#
..... ......#...#....)........#
..... .... #...#....)........#
>.... #...#...).........# ..... ∆
#..(#........)....# .....
.......###+#.............##
..#'###......# #############...
..'...#......# #........#.


You could see a hornet (poisoned).

Vanquished Creatures
  2 scorpions (D:4)
  A gnoll bouda (D:4)
  2 hounds (D:4)
  An orc priest (D:4)
  4 orc wizards
  A sleepcap (D:4)
  A mummy (D:3)
  3 adders
  5 gnolls (D:4)
  2 ufetubi (D:4)
  2 dart slugs (D:3)
  8 orcs
  11 endoplasms
  6 giant cockroaches
  14 goblins
  5 hobgoblins
  7 jackals
  11 kobolds
  4 quokkas
  8 ball pythons
  4 bats
  8 frilled lizards
  5 rats
115 creatures vanquished.

Notes
Turn   | Place    | Note
-------+----------+-------------------------------------------
     0 | D:1      | Cunctator the Gnoll Shapeshifter began the quest for the
                  | Orb.
     0 | D:1      | Reached XP level 1. HP: 17/17 MP: 1/1
    98 | D:1      | Reached XP level 2. HP: 19/23 MP: 2/2
   279 | D:1      | Found Lillih's Antique Weapon Boutique.
   299 | D:1      | Reached XP level 3. HP: 27/28 MP: 3/3
   498 | D:2      | Found Duicsol's Distillery.
   559 | D:2      | Reached skill level 1 in Invocations
   673 | D:2      | Reached skill level 1 in Short Blades
   673 | D:2      | Reached skill level 1 in Long Blades
   673 | D:2      | Reached skill level 1 in Axes
   673 | D:2      | Reached skill level 1 in Maces & Flails
   673 | D:2      | Reached skill level 1 in Polearms
   673 | D:2      | Reached skill level 1 in Staves
   673 | D:2      | Reached skill level 1 in Ranged Weapons
   673 | D:2      | Reached skill level 1 in Throwing
   673 | D:2      | Reached skill level 1 in Armour
   673 | D:2      | Reached skill level 1 in Stealth
   673 | D:2      | Reached skill level 1 in Shields
   673 | D:2      | Reached skill level 1 in Spellcasting
   673 | D:2      | Reached skill level 1 in Evocations
   940 | D:2      | Reached XP level 4. HP: 34/34 MP: 5/5
  1272 | D:3      | Reached skill level 1 in Conjurations
  1272 | D:3      | Reached skill level 1 in Hexes
  1272 | D:3      | Reached skill level 1 in Summonings
  1272 | D:3      | Reached skill level 1 in Necromancy
  1272 | D:3      | Reached skill level 1 in Translocations
  1272 | D:3      | Reached skill level 1 in Transmutations
  1272 | D:3      | Reached skill level 1 in Fire Magic
  1272 | D:3      | Reached skill level 1 in Ice Magic
  1272 | D:3      | Reached skill level 1 in Air Magic
  1272 | D:3      | Reached skill level 1 in Earth Magic
  1272 | D:3      | Reached skill level 1 in Poison Magic
  1288 | D:3      | Reached XP level 5. HP: 30/40 MP: 5/7
  1481 | D:3      | Found a snail-covered altar of Cheibriados.
  1673 | D:3      | Found an iron altar of Okawaru.
  1682 | D:3      | Became a worshipper of Warmaster Okawaru
  2277 | D:4      | Reached XP level 6. HP: 38/47 MP: 8/8
  2430 | D:4      | Reached skill level 5 in Dodging
  2684 | D:4      | Reached * piety under Okawaru
  2950 | D:4      | Reached skill level 7 in Unarmed Combat
  2950 | D:4      | Reached XP level 7. HP: 42/52 MP: 10/10
  3273 | D:4      | Noticed a hornet
  3278 | D:4      | Paralysed by a hornet for 3 turns
  3282 | D:4      | Succumbed to a hornet's poison

Illustrated notes

Levels and vault maps discovered:
D:1:      dpeg_arrival_erosion, layout_rooms, serial_shops,
          nicolae_shop_tiny_glass, serial_bayou_lake_a
D:2:      layout_loops_ring, serial_shops, nicolae_shop_crystal
D:3:      layout_loops_ring, okawaru_altar_gauntlet_db, slow_altar_1
D:4:      layout_gridville

Skill      XL: |  1  2  3  4  5  6  7 |
---------------+----------------------+-----
Invocations    | 1 2 |  2.7
Short Blades   | 1 2 |  2.4
Long Blades    | 1 2 |  2.4
Axes           | 1 2 |  2.4
Maces & Flails | 1 2 |  2.4
Polearms       | 1 2 |  2.4
Staves         | 1 2 |  2.4
Ranged Weapons | 1 2 |  2.4
Throwing       | 1 2 |  2.4
Armour         | 1 2 |  2.4
Stealth        | 1 2 |  2.4
Shields        | 1 2 |  2.4
Spellcasting   | 1 2 |  2.4
Evocations     | 1 2 |  2.4
Conjurations   | 1 2 |  2.0
Hexes          | 1 2 |  2.0
Summonings     | 1 2 |  2.0
Necromancy     | 1 2 |  2.0
Translocations | 1 2 |  2.0
Transmutations | 1 2 |  2.0
Fire Magic     | 1 2 |  2.0
Ice Magic      | 1 2 |  2.0
Air Magic      | 1 2 |  2.0
Earth Magic    | 1 2 |  2.0
Poison Magic   | 1 2 |  2.0
Fighting       | 3 |  3.6
Dodging        | 5 |  5.2
Unarmed Combat | 7 |  7.0
Shapeshifting  | |  6.8

Action                     |  1- 3 |  4- 6 |  7- 9 || total
---------------------------+-------+-------+-------++-------
  Melee: Unarmed           |    85 |   183 |    22 ||   290
         Bite              |     6 |    10 |     2 ||    18
         Punch             |     4 |     1 |     1 ||     6
  Throw: Dart              |       |     9 |    10 ||    19
    Use: Potion            |       |       |     3 ||     3
   Stab: Sleeping          |     2 |     7 |       ||     9
 Armour: Animal skin       |     8 |     8 |     1 ||    17
         Skin              |       |       |     8 ||     8
         Ring mail         |       |       |     3 ||     3
  Dodge: Dodged            |    34 |    98 |    10 ||   142
         Form:             |     1 |       |       ||     1
         Beast             |       |     1 |       ||     1

Table legend: (Time is in decaauts)
 A = Elapsed time spent in this place.
 B = Non-inter-level travel time spent in this place.
 C = Inter-level travel time spent in this place.
 D = Time resting spent in this place.
 E = Time spent auto-exploring this place.
 F = Levels seen in this place.
 G = Mean time per level.
                   A        B        C        D        E       F      G
               +--------+--------+--------+--------+--------+-----+--------+
         Total |   3264 |   3230 |     34 |    488 |   1922 |   4 |  816.0 |
       Dungeon |   3264 |   3230 |     34 |    488 |   1922 |   4 |  816.0 |
               +--------+--------+--------+--------+--------+-----+--------+

Top non-repeatable levels by time:
     D:4: 1037 daAuts
     D:3: 962 daAuts
     D:2: 782 daAuts
     D:1: 481 daAuts
